 Dungeon Crawl Stone Soup version 0.16.1-2-g95b8d4c (webtiles) character file.

5654 Helmschank the Destroyer (level 10, -11/52 HPs)
             Began as a Deep Elf Fire Elementalist on Mar 25, 2015.
             Was a Priest of Vehumet.
             Mangled by an orc warlord
             ... wielding a +2 battleaxe of electrocution
              (23 damage)
             ... in a bailey.
             The game lasted 01:12:14 (10319 turns).

Helmschank the Destroyer (DEFE)                    Turns: 10319, Time: 01:12:15

Health: -11/52     AC: 14    Str:  2    XL:     10   Next: 46%
Magic:  8/31       EV: 11    Int: 26    God:    Vehumet [***...]
Gold:   153        SH:  0    Dex: 15    Spells: 10 memorised, 3 levels left

rFire  + . .     SeeInvis .     w - +2 whip (freeze)
rCold  . . .     Clarity  .     f - +6 leather armour "Skennoh" {rElec rF+ MR+ Str-3 Int+2}
rNeg   . . .     SustAb   .     (no shield)
rPois  .         Gourm    .     (no helmet)
rElec  +         Spirit   .     y - +0 cloak
rCorr  .         Warding  .     h - +0 pair of gloves
rMut   .         Stasis   .     g - +1 pair of boots
MR     ++...                    B - amulet of rage
Stlth  ++........               (no ring)
                                (no ring)

@: very slightly contaminated, repel missiles, very resistant to hostile
enchantments, unstealthy
A: no striking features
a: Renounce Religion, Evoke Berserk Rage


You were in a bailey.
You worshipped Vehumet.
Vehumet was most pleased with you.
You were not hungry.

You visited 2 branches of the dungeon, and saw 8 of its levels.
You also visited: Sewer and Bailey.

You collected 483 gold pieces.
You spent 330 gold pieces at shops.

Inventory:

Hand weapons
 e - a +0 blowgun
 w - a +2 whip of freezing (weapon)
Missiles
 i - 6 steel tomahawks (quivered)
 u - 33 poisoned needles
 C - 9 tomahawks
Armour
 a - a +0 robe
 f - the +6 leather armour "Skennoh" (worn) {rElec rF+ MR+ Str-3 Int+2}
   (You found it on level 4 of the Dungeon)

   It affects your strength (-3).
   It affects your intelligence (+2).
   It protects you from fire.
   It insulates you from electricity.
   It affects your resistance to hostile enchantments.
 g - a +1 pair of boots (worn)
 h - a +0 pair of gloves (worn)
 y - a +0 cloak (worn)
Magical staves
 d - an uncursed staff of cold
Jewellery
 n - an uncursed amulet of guardian spirit
 s - an uncursed amulet of resist corrosion
 B - an amulet of rage (around neck)
Magical devices
 c - a wand of confusion (20)
 m - a wand of enslavement (5)
 M - a wand of fireball (7)
 O - a wand of draining (8)
Scrolls
 k - a scroll of fog
 t - 2 scrolls of amnesia
 v - a scroll of enchant armour
 A - a scroll of magic mapping
Potions
 o - a potion of berserk rage {unknown}
 p - 2 potions of heal wounds
 r - a potion of cancellation {unknown}
 x - 8 potions of curing
 z - 2 potions of might
 G - a potion of agility {unknown}
 I - a potion of cure mutation {unknown}
 J - a potion of mutation {unknown}
Books
 b - a book of Flames

   Spells                             Type                      Level
   a - Flame Tongue                   Conjuration/Fire             1
   b - Throw Flame                    Conjuration/Fire             2
   c - Conjure Flame                  Conjuration/Fire             3
   d - Inner Flame                    Hexes/Fire                   3
   e - Sticky Flame                   Conjuration/Fire             4
   f - Fireball                       Conjuration/Fire             5
 l - a book of Annihilations {highlevel}

   Spells                             Type                      Level
   a - Poison Arrow                   Conjuration/Poison           6
   b - Chain Lightning                Conjuration/Air              8
   c - Lehudib's Crystal Spear        Conjuration/Earth            8
   d - Glaciate                       Conjuration/Ice              9
   e - Fire Storm                     Conjuration/Fire             9
 F - a book of Minor Magic

   Spells                             Type                      Level
   a - Magic Dart                     Conjuration                  1
   b - Blink                          Translocation                2
   c - Call Imp                       Summoning                    2
   d - Repel Missiles                 Charms/Air                   2
   e - Slow                           Hexes                        2
   f - Conjure Flame                  Conjuration/Fire             3
   g - Mephitic Cloud                 Conjuration/Poison/Air       3
 L - a book of Unlife

   Spells                             Type                      Level
   a - Recall                         Summoning/Translocation      3
   b - Animate Dead                   Necromancy                   4
   c - Control Undead                 Necromancy                   4
   d - Cigotuvi's Embrace             Necromancy                   5
   e - Death Channel                  Necromancy                   6
   f - Simulacrum                     Ice/Necromancy               6
Comestibles
 j - 2 beef jerkies
 q - 5 meat rations
 E - 2 bread rations


   Skills:
 - Level 1.1 Fighting
 * Level 4.6 Armour
 - Level 2.4 Dodging
 - Level 2.4 Stealth
 + Level 9.6 Spellcasting
 - Level 10.0 Conjurations
 - Level 2.0 Charms
 - Level 3.6 Translocations
 - Level 7.8 Fire Magic
 - Level 3.3 Air Magic
 - Level 3.1 Poison Magic


You had 3 spell levels left.
You knew the following spells:

 Your Spells              Type           Power        Failure   Level  Hunger
a - Throw Flame           Conj/Fire      ######       1%          2    None
b - Blink                 Tloc           N/A          3%          2    None
c - Mephitic Cloud        Conj/Pois/Air  #####...     1%          3    None
d - Magic Dart            Conj           ####         1%          1    None
f - Fireball              Conj/Fire      ######....   2%          5    ####...
h - Conjure Flame         Conj/Fire      ######..     1%          3    None
r - Repel Missiles        Chrm/Air       ####..       6%          2    None
s - Sticky Flame          Conj/Fire      ######..     1%          4    None
v - Searing Ray           Conj           ######       1%          2    None
z - Flame Tongue          Conj/Fire      #####        1%          1    None


Dungeon Overview and Level Annotations

Branches:
Dungeon (7/15)             Temple (1/1) D:5

Altars:
Ashenzari
Cheibriados
Elyvilon
Fedhas
Gozag
Kikubaaqudgha
Nemelex Xobeh
Okawaru
Qazlal
Ru
Sif Muna
Trog
Vehumet
Xom
Yredelemnul
Zin
The Shining One

Shops:
D:4 %:!


Message History

Aim: an orc warlord, wielding a battleaxe of electrocution and wearing a chain mail (moderately wounded)
The fireball explodes!
The fireball engulfs the orc warlord.
The orc warlord is heavily wounded.
Casting: Fireball
Confirm with . or Enter, or press ? or * to list all spells.
You blink.
Casting: Blink
Confirm with . or Enter, or press ? or * to list all spells.
Aiming: Fireball
Press: ? - help, Shift-Dir - straight line, f/p - orc warlord
Aim: an orc warlord, wielding a battleaxe of electrocution and wearing a chain mail (heavily wounded)
The fireball explodes!
The fireball engulfs the orc warlord.
The orc warlord is severely wounded.
Casting: Fireball
Confirm with . or Enter, or press ? or * to list all spells.
You miscast Blink.
You are very lightly contaminated with residual magic.
You spin around.
The orc warlord hits you with a battleaxe of electrocution!!
You die...

....#
.....##8....)....!#
...###
.....###.........##
.###.###
...###.###.....###
)#.....###
###.....#'#.###
...).....###.........###
))......g.#...........#
....))..g.#...........#
....⌠..).)#)....⌠.....#
....)...).)))..o@.....#
..........#)..........#
.........###.........##
##.....### ###.....###
###.### ###.### ### ###


You could see an orc warlord.

Vanquished Creatures
  Pikel (D:5)
  A hill giant (D:6)
  2 orc knights (Bailey)
  The ghost of Bigslacks the Chopper, an average FoFi (D:4)
  3 slaves (D:5)
  2 ice beasts
  A phantom (D:6)
  The ghost of sanddemon the Changer, an average DrTm (D:3)
  14 orc warriors
  7 ogres
  3 giant frogs
  3 wights (D:6)
  2 centaur zombies
  A centaur skeleton (D:4)
  A crimson imp (D:7)
  A giant frog zombie (D:5)
  2 iguanas
  3 hounds
  4 orc wizards
  5 worker ants (D:4)
  2 orc priests
  Natasha (thrice) (D:5)
  A hound skeleton (D:4)
  13 adders
  15 gnolls
  A river rat (D:5)
  3 giant mites
  3 worms
  11 giant geckos
  An ooze (D:3)
  37 orcs
  13 bats
  2 bat skeletons
  7 giant cockroaches
  15 hobgoblins
  4 quokkas
  4 ball pythons
  A giant gecko skeleton (D:4)
  12 giant newts
  33 goblins
  7 jackals
  9 kobolds
  16 rats
271 creatures vanquished.

Vanquished Creatures (others)
  A giant frog zombie (D:5)
  3 gnolls (Bailey)
  An orc (Bailey)
  A goblin (D:5)
6 creatures vanquished.

Grand Total: 277 creatures vanquished

Notes
Turn   | Place    | Note
--------------------------------------------------------------
     0 | D:1      | Helmschank, the Deep Elf Fire Elementalist, began the quest for the Orb.
     0 | D:1      | Reached XP level 1. HP: 10/10 MP: 5/5
   747 | D:2      | Reached XP level 2. HP: 15/15 MP: 0/8
   751 | D:2      | Learned a level 2 spell: Throw Flame
  1081 | D:2      | Reached skill level 4 in Spellcasting
  1415 | D:2      | Reached XP level 3. HP: 15/19 MP: 4/12
  1465 | D:2      | Learned a level 3 spell: Conjure Flame
  1849 | D:2      | Reached XP level 4. HP: 24/24 MP: 14/16
  1864 | D:2      | Learned a level 4 spell: Sticky Flame
  2614 | D:3      | Reached XP level 5. HP: 28/28 MP: 16/18
  2929 | D:3      | Found a glowing silver altar of Zin.
  2929 | D:3      | Found a basalt altar of Yredelemnul.
  2994 | D:4      | Found Throof's Food Shop.
  3246 | D:4      | Reached XP level 6. HP: 17/32 MP: 5/20
  3306 | D:3      | Noticed sanddemon's ghost (average DrTm)
  3631 | D:3      | Killed sanddemon's ghost
  3631 | D:3      | Reached skill level 5 in Conjurations
  3631 | D:3      | Reached skill level 5 in Fire Magic
  3900 | D:4      | Noticed Bigslacks' ghost (average FoFi)
  3943 | D:4      | Noticed an ogre
  3945 | D:4      | Killed an ogre
  3948 | D:4      | Noticed an ogre
  3955 | D:4      | Killed an ogre
  3955 | D:4      | Reached XP level 7. HP: 36/36 MP: 6/22
  3968 | D:4      | Learned a level 5 spell: Fireball
  4054 | D:4      | Reached skill level 6 in Conjurations
  4106 | D:4      | Found a snail-covered altar of Cheibriados.
  4107 | D:4      | Found Yvaaxie's Distillery.
  4118 | D:4      | Bought a potion of heal wounds for 70 gold pieces
  4221 | D:4      | Found Ekhletos' Book Boutique.
  4419 | D:4      | Got a heavily runed leather armour
  4728 | D:5      | Entered Level 5 of the Dungeon
  4738 | D:5      | Reached skill level 7 in Conjurations
  5087 | D:5      | Noticed Pikel
  5150 | D:5      | Killed Pikel
  5150 | D:5      | Reached skill level 8 in Conjurations
  5150 | D:5      | Reached XP level 8. HP: 38/41 MP: 1/23
  5268 | D:5      | Found a glowing drain.
  5278 | Sewer    | Entered a sewer
  5409 | Sewer    | Reached skill level 9 in Conjurations
  5591 | Sewer    | Reached skill level 5 in Spellcasting
  6244 | D:5      | Found a sacrificial altar of Ru.
  6415 | D:5      | Found an opulent altar of Gozag.
  6427 | D:5      | Found a staircase to the Ecumenical Temple.
  6436 | Temple   | Entered the Ecumenical Temple
  6483 | Temple   | Became a worshipper of Vehumet
  6534 | Temple   | Identified the +6 leather armour "Skennoh" {rElec rF+ MR+ Str-3 Int+2} (You found it on level 4 of the Dungeon)
  6630 | D:5      | Noticed Natasha
  6642 | D:5      | Killed Natasha
  6988 | D:5      | Noticed Natasha
  7014 | D:5      | Killed Natasha
  7148 | D:4      | Killed Bigslacks' ghost
  7148 | D:4      | Reached XP level 9. HP: 45/45 MP: 15/27
  7230 | D:5      | Noticed Natasha
  7231 | D:5      | Killed Natasha
  7313 | D:4      | Bought a book of Minor Magic for 260 gold pieces
  7316 | D:4      | Learned a level 2 spell: Repel Missiles
  7322 | D:4      | Learned a level 2 spell: Blink
  7326 | D:4      | Learned a level 3 spell: Mephitic Cloud
  7593 | D:6      | Reached skill level 1 in Fighting
  7782 | D:6      | Reached skill level 1 in Charms
  7785 | D:6      | Reached skill level 1 in Translocations
  7785 | D:6      | Reached skill level 1 in Air Magic
  8015 | D:6      | Noticed a hill giant
  8024 | D:6      | Killed a hill giant
  8024 | D:6      | Acquired Vehumet's first power
  8024 | D:6      | Offered knowledge of Shock by Vehumet.
  8201 | D:7      | Reached skill level 1 in Poison Magic
  8247 | D:7      | Learned a level 1 spell: Magic Dart
  8272 | D:7      | Found a flagged portal.
  8531 | Bailey   | Entered a bailey
  8554 | Bailey   | Offered knowledge of Searing Ray by Vehumet.
  8554 | Bailey   | Reached skill level 10 in Conjurations
  8746 | Bailey   | Reached skill level 1 in Armour
  8870 | Bailey   | Reached XP level 10. HP: 52/52 MP: 6/29
  8874 | Bailey   | Learned a level 2 spell: Searing Ray
  9014 | Bailey   | Offered knowledge of Dazzling Spray by Vehumet.
  9199 | Bailey   | Acquired Vehumet's second power
  9236 | Bailey   | Noticed an orc knight
  9242 | Bailey   | Killed an orc knight
  9606 | Bailey   | Noticed an orc warlord
  9607 | Bailey   | Noticed an orc knight
  9916 | Bailey   | Killed an orc knight
 10319 | Bailey   | Mangled by an orc warlord

Action                   |  1- 3 |  4- 6 |  7- 9 | 10-12 || total
-------------------------+-------+-------+-------+-------++-------
Melee: Short sword       |     6 |       |       |       ||     6
       Morningstar       |       |     2 |    11 |       ||    13
       Whip              |       |       |     6 |     4 ||    10
Throw: Stone             |     3 |       |       |       ||     3
       Tomahawk          |    10 |     3 |       |       ||    13
 Cast: Flame Tongue      |    60 |    74 |   187 |    41 ||   362
       Throw Flame       |       |    30 |    48 |    10 ||    88
       Conjure Flame     |       |     2 |     1 |     6 ||     9
       Sticky Flame      |       |     8 |    28 |    14 ||    50
       Fireball          |       |       |    25 |    20 ||    45
       Repel Missiles    |       |       |     1 |       ||     1
       Blink             |       |       |       |    12 ||    12
  Use: Scroll            |       |     9 |     4 |     4 ||    17
 Stab: Sleeping          |     1 |       |       |       ||     1
  Eat: Chunk             |     3 |     6 |    24 |     4 ||    37
       Royal jelly       |       |       |     1 |       ||     1
       Bread ration      |       |       |       |     1 ||     1
